 Dungeon Crawl Stone Soup version 0.30-a0-883-g5ad918d77d (webtiles) character file.

Game seed: 16354245493644615644

67 cheesebisquit the Firebug (level 4, 0/24 HPs)
             Began as a Gargoyle Fire Elementalist on Mar 17, 2023.
             Slain by Ijyb
             ... wielding a +0 dagger
              (3 damage)
             ... on level 3 of the Dungeon.
             The game lasted 00:08:31 (2556 turns).

cheesebisquit the Firebug (GrFE)                    Turns: 2556, Time: 00:08:32

Health: 0/24       AC:  6    Str: 11    XL:     4   Next: 16%
Magic:  6/8        EV: 11    Int: 18    God:
Gold:   138        SH:  0    Dex: 10    Spells: 2/8 levels left

rFire   . . .      SeeInvis .    c - +0 mace
rCold   . . .      Faith    .    (no shield)
rNeg    + . .      Spirit   .    a - +0 robe
rPois   ∞          Reflect  .    (no helmet)
rElec   +          Rampage  .    (no cloak)
rCorr   .                        (no gloves)
Will    .....                    l - +0 pair of boots
Stlth   ++                       (no amulet)
HPRegen 0.24/turn                (no ring)
MPRegen 0.11/turn                (no ring)

@: very slightly contaminated
A: sickness immunity, AC +3, negative energy resistance 1, electricity
resistance, torment resistance 1, petrification resistance
a: no special abilities


You were on level 3 of the Dungeon.
You visited 1 branch of the dungeon, and saw 3 of its levels.

You collected 138 gold pieces.

Inventory:

Hand Weapons
 c - a +0 mace (weapon)
Missiles
 j - 3 boomerangs
Armour
 a - a +0 robe (worn)
 l - a +0 pair of boots (worn)
Scrolls
 d - a scroll of fear {unknown}
 e - a scroll of teleportation {unknown}
 g - a scroll of poison {unknown}
 h - 2 scrolls of enchant weapon {unknown}
 i - 2 scrolls of enchant armour {unknown}
 m - a scroll of torment {unknown}
 n - 3 scrolls of identify {unknown}
Potions
 b - a potion of magic
 f - a potion of cancellation {unknown}
 k - a potion of degeneration {unknown}
 o - a potion of invisibility {unknown}
 p - a potion of haste {unknown}


   Skills:
 - Level 1.5 Dodging
 - Level 2.1 Stealth
 + Level 2.7 Spellcasting
 - Level 1.1 Conjurations
 * Level 4.4 Fire Magic


You had 2 spell levels left.
You knew the following spells:

 Your Spells              Type           Power      Damage    Failure   Level
a - Foxfire               Conj/Fire      48%        2x1d6     5%          1
c - Inner Flame           Hex/Fire       10%        N/A       21%         3
z - Scorch                Fire           36%        2d6       4%          2

Your spell library contained the following spells:

 Spells                   Type           Power      Damage    Failure   Level
 Necrotise                Necr           8%         1d4       17%         1
 Wereblood                Tmut           2%         N/A       26%         2
 Kindle Blastsparks       Fire/Tloc/Air  14%        2d11      28%         3
 Vampiric Draining        Necr           2%         2d6       45%         3
 Flame Wave               Conj/Fire      12%        2d6       47%         4
 Petrify                  Tmut/Erth      2%         N/A       86%         4
 Irradiate                Conj/Tmut      2%         3d12      98%         5
 Agony                    Necr           2%         N/A       99%         5
 Summon Hydra             Summ           1%         N/A       100%        7
 Sublimation of Blood     Necr           Unusable   N/A       N/A         2

Dungeon Overview and Level Annotations

Branches:
Dungeon (3/15)

Altars:
Dithmenos

Annotations:
D:3 Ijyb


Innate Abilities, Weirdness & Mutations

You are immune to sickness and miasma.
Your stone body is resilient. (AC +3)
You are immune to poison.
You resist negative energy. (rN+)
You are resistant to electric shocks. (rElec)
You are resistant to unholy torment.
You are immune to petrification.


Message History

You conjure some foxfire!
Ijyb zaps a wand.
The puff of flame hits you but does no damage.
Casting: Foxfire (safe; 5% risk of failure)
Confirm with . or Enter, or press ? or * to list all spells.
Flames lash Ijyb.
Ijyb is lightly wounded.
Ijyb's fire resistance burns away.
The foxfire hits Ijyb but does no damage.
Ijyb is lightly wounded.
The foxfire hits Ijyb.
Ijyb is burned terribly!
Ijyb is moderately wounded.
Ijyb zaps a wand.
The puff of flame misses you.
You conjure some foxfire!
Casting: Foxfire (safe; 5% risk of failure)
Confirm with . or Enter, or press ? or * to list all spells.
You don't have enough magic to cast this spell.
Magic courses through your body.
The foxfire hits Ijyb but does no damage.
Ijyb is moderately wounded.
The foxfire hits Ijyb but does no damage.
Ijyb is moderately wounded.
Ijyb hits you but does no damage.
A goblin comes into view. It is wielding a +0 club.
You conjure some foxfire!
Ijyb is no longer more vulnerable to fire.
Ijyb zaps a wand.
The puff of flame hits you!
Ouch! That really hurt!
* * * LOW HITPOINT WARNING * * *
Jessica barely misses you.
Casting: Foxfire (safe; 5% risk of failure)
Confirm with . or Enter, or press ? or * to list all spells.
Flames lash Jessica.
Jessica is severely wounded.
Jessica's fire resistance burns away.
The foxfire hits Ijyb but does no damage.
Ijyb is moderately wounded.
The foxfire hits Jessica!
Jessica is burned terribly!
You kill Jessica!
Ijyb hits you with a +0 dagger.
You die...

####.[..#####.####..#
##......# #.......#
.<.##.........#####.#
..####....... ##.#
..# ####.## ####..#
..# ....##.....##
..#### $...........##
.....# ........§....#
..##. ......)@.....#
..# .......g.....#
..# .............#
..# .............#
### .............#
.......g....##
...........##
#####.#.####


You could see Ijyb and a goblin.

Vanquished Creatures
  Jessica (D:3)
  2 dart slugs
  6 endoplasms
  3 giant cockroaches
  9 goblins
  6 hobgoblins
  2 quokkas (D:3)
  4 ball pythons
  7 bats
  3 frilled lizards
  10 kobolds
  5 rats
58 creatures vanquished.

Vanquished Creatures (others)
  114 foxfires
114 creatures vanquished.

Grand Total: 172 creatures vanquished

Notes
Turn   | Place    | Note
-------+----------+-------------------------------------------
     0 | D:1      | cheesebisquit the Gargoyle Fire Elementalist began the
                  | quest for the Orb.
     0 | D:1      | Reached XP level 1. HP: 10/10 MP: 3/3
   271 | D:1      | Reached XP level 2. HP: 15/15 MP: 3/5
  1062 | D:1      | Reached XP level 3. HP: 19/19 MP: 4/6
  1230 | D:2      | Reached skill level 4 in Fire Magic
  1412 | D:2      | Learned a level 2 spell: Scorch
  1416 | D:2      | Learned a level 3 spell: Inner Flame
  2186 | D:3      | Reached XP level 4. HP: 24/24 MP: 4/8
  2492 | D:3      | Found a shadowy altar of Dithmenos.
  2545 | D:3      | Noticed Ijyb
  2549 | D:3      | Noticed Jessica
  2556 | D:3      | Killed Jessica
  2556 | D:3      | Slain by Ijyb

Illustrated notes

Levels and vault maps discovered:
D:1:      psy_arrival_basics, layout_basic
D:2:      layout_loops_cross
D:3:      layout_rooms, nicolae_overflow_crystal_walls,
          minmay_misc_feat_enclosed, uniq_ijyb, uniq_jessica

Skill      XL: |  1  2  3 |
---------------+----------+-----
Fire Magic     | 4 |  4.4
Dodging        | |  1.5
Stealth        | |  2.1
Spellcasting   | |  2.7
Conjurations   | |  1.1

Action                     |  1- 3 |  4- 6 || total
---------------------------+-------+-------++-------
  Melee: Mace              |    18 |       ||    18
         Unarmed           |     1 |       ||     1
         Punch             |     1 |       ||     1
   Cast: Foxfire           |    50 |    15 ||    65
         Scorch            |     9 |     7 ||    16
    Use: Potion            |       |     1 ||     1
 Armour: Robe              |    14 |     3 ||    17
  Dodge: Dodged            |    19 |     3 ||    22

Table legend: (Time is in decaauts)
 A = Elapsed time spent in this place.
 B = Non-inter-level travel time spent in this place.
 C = Inter-level travel time spent in this place.
 D = Time resting spent in this place.
 E = Time spent auto-exploring this place.
 F = Levels seen in this place.
 G = Mean time per level.
                   A        B        C        D        E       F      G
               +--------+--------+--------+--------+--------+-----+--------+
         Total |   2562 |   2516 |     46 |     56 |   2089 |   3 |  854.0 |
       Dungeon |   2562 |   2516 |     46 |     56 |   2089 |   3 |  854.0 |
               +--------+--------+--------+--------+--------+-----+--------+

Top non-repeatable levels by time:
     D:1: 1168 daAuts
     D:2: 930 daAuts
     D:3: 462 daAuts
